 Dungeon Crawl Stone Soup version 0.17.1-2-g5865329 (webtiles) character file.

1132 Mysteryquy the Basher (level 8, -5/46 HPs)
             Began as a Gargoyle Fighter on Jan 10, 2016.
             Was a Follower of Qazlal.
             Splashed by a jelly's acid (9 damage)
             ... on level 6 of the Dungeon.
             The game lasted 00:13:31 (5608 turns).

Mysteryquy the Basher (Gargoyle Fighter)            Turns: 5608, Time: 00:13:31

Health: -5/46      AC: 10    Str: 23    XL:     8   Next: 36%
Magic:  8/8        EV:  9    Int:  8    God:    Qazlal [*.....]
Gold:   237        SH:  6    Dex:  9    Spells: 0 memorised, 7 levels left

rFire  . . .     SeeInvis .     z - -3 whip (curse)
rCold  . . .     Clarity  .     b - +0 scale mail
rNeg   + . .     SustAt   .     x - +0 buckler
rPois  ∞         Gourm    .     h - +1 helmet
rElec  +         Spirit   .     (no cloak)
rCorr  .         Warding  .     (no gloves)
rMut   .         Stasis   .     (no boots)
MR     .....                    (no amulet)
Stlth  ..........               (no ring)
                                (no ring)

@: corroded equipment, not resistant to hostile enchantments, extremely
unstealthy
A: negative energy resistance 1, electricity resistance, unbreathing,
petrification resistance, rot immunity, AC +5
a: Renounce Religion


You were on level 6 of the Dungeon.
You worshipped Qazlal.
Qazlal was aware of your devotion.
You were not hungry.

You visited 1 branch of the dungeon, and saw 6 of its levels.

You collected 237 gold pieces.

Inventory:

Hand Weapons
 a - a +0 flail
 u - a +0 morningstar
 z - a cursed -3 whip (weapon)
Armour
 b - a +0 scale mail (worn)
 c - a +0 shield
 h - a +1 helmet (worn)
 r - a +0 hat
 x - a +0 buckler (worn)
Jewellery
 v - a +2 ring of evasion {unknown}
Wands
 p - a wand of slowing (48)
Scrolls
 f - a scroll of amnesia {unknown}
 g - a scroll of teleportation
 m - 2 scrolls of identify
Potions
 j - a potion of brilliance {unknown}
 k - a potion of magic
 o - a potion of haste
Books
 s - a book of Ice

   Spells                             Type                      Level
   a - Ice Form                       Ice/Transmutation            4
   b - Metabolic Englaciation         Hexes/Ice                    5
   c - Ozocubu's Refrigeration        Ice                          6
   d - Bolt of Cold                   Conjuration/Ice              6
   e - Freezing Cloud                 Conjuration/Ice/Air          6
   f - Simulacrum                     Ice/Necromancy               6
 t - a book of Annihilations

   Spells                             Type                      Level
   a - Poison Arrow                   Conjuration/Poison           6
   b - Chain Lightning                Conjuration/Air              8
   c - Lehudib's Crystal Spear        Conjuration/Earth            8
   d - Glaciate                       Conjuration/Ice              9
   e - Fire Storm                     Conjuration/Fire             9
Comestibles
 e - 2 bread rations
 l - a royal jelly
 n - a meat ration
 q - 3 fruits


   Skills:
 - Level 3.2 Fighting
 + Level 9.4 Maces & Flails
 - Level 3.2 Armour
 + Level 4.4 Shields


You had 7 spell levels left.
You didn't know any spells.

Dungeon Overview and Level Annotations

Branches:
Dungeon (6/15)
 Temple: D:4-7

Altars:
Elyvilon
Fedhas
Gozag
Makhleb
Qazlal
Yredelemnul
Zin

Shops:
D:4 %

Annotations:
D:5 Mysteryquy's ghost, novice SpEn


Innate Abilities, Weirdness & Mutations

You are resistant to torment.
Your stone body is resilient (AC +5).
You are immune to poison.
You resist negative energy.
You are resistant to electric shocks.
You can survive without breathing.
You are immune to petrification.
You are immune to rotting.


Message History

The giant frog is heavily wounded.
The giant frog closely misses you.
You barely miss the giant frog.
The giant frog is heavily wounded.
The giant frog is engulfed in roaring flames.
The giant frog hits you but does no damage.
You hit the giant frog.
You kill the giant frog!
Qazlal accepts your kill. You block the jelly's attack.
Things that are here:
an uncursed shortbow; 12 arrows; a centaur skeleton You hit the jelly but do no damage.
Your hands burn!
* * * LOW HITPOINT WARNING * * *
You hit the jelly but do no damage. The acid corrodes you!
Your hands burn!
* * * LOW HITPOINT WARNING * * *
The jelly hits you.
* * * LOW HITPOINT WARNING * * *
You are splashed with acid!
The acid burns!
You die...

##.##............
#........####.###
###....##.### #.#
....##.##.# #.# .
.......o.# ##.# ...
##..###.## ###..##.....
........####...........
###...†....)...........
###........@#######.....
#.........÷J..# #....
...#....(.....# ####
....##..<.(.### ##..
#####.## .. #.# ###


You could see a jelly.

Vanquished Creatures
  The ghost of Caphalor the Spear-Bearer, an amateur MfBe of Trog (D:3)
  Edmund (D:5)
  Duvessa (D:4)
  A centaur (D:6)
  A giant frog (D:6)
  Dowan (D:4)
  3 hounds
  4 orc priests
  Jessica (D:2)
  Natasha (thrice) (D:3)
  3 worker ants
  3 orc wizards
  A hound skeleton (D:4)
  A gnoll (D:3)
  3 adders
  4 worms
  An adder skeleton (D:6)
  2 giant geckos
  24 orcs
  5 bats
  6 goblins
  8 hobgoblins
  6 jackals
  2 ball pythons
  3 giant cockroaches
  9 giant newts
  6 kobolds
  5 quokkas
  9 rats
118 creatures vanquished.

Notes
Turn   | Place    | Note
--------------------------------------------------------------
     0 | D:1      | Mysteryquy the Gargoyle Fighter began the quest for the Orb.
     0 | D:1      | Reached XP level 1. HP: 14/14 MP: 1/1
   242 | D:1      | Reached XP level 2. HP: 17/19 MP: 2/2
   938 | D:2      | Reached XP level 3. HP: 19/23 MP: 3/3
  1044 | D:2      | Noticed Jessica
  1047 | D:2      | Killed Jessica
  1047 | D:2      | Reached skill level 4 in Maces & Flails
  1257 | D:2      | Reached XP level 4. HP: 28/28 MP: 4/4
  1900 | D:3      | Found a burning altar of Makhleb.
  1902 | D:3      | Found a glowing silver altar of Zin.
  1902 | D:3      | Noticed an angel
  1903 | D:3      | Noticed Natasha
  1903 | D:3      | Noticed a blizzard demon
  1913 | D:3      | Killed Natasha
  2064 | D:3      | Reached skill level 5 in Maces & Flails
  2090 | D:3      | Reached XP level 5. HP: 29/32 MP: 5/5
  2275 | D:3      | Noticed Caphalor's ghost (amateur MfBe)
  2574 | D:3      | Killed Caphalor's ghost
  2574 | D:3      | Reached skill level 6 in Maces & Flails
  2574 | D:3      | Reached XP level 6. HP: 27/37 MP: 6/6
  2673 | D:3      | Found an opulent altar of Gozag.
  2673 | D:3      | Found a basalt altar of Yredelemnul.
  2673 | D:3      | Found a stormy altar of Qazlal.
  2677 | D:3      | Noticed Natasha
  2687 | D:3      | Became a worshipper of Qazlal Stormbringer
  2693 | D:3      | Killed Natasha
  2711 | D:3      | Found a blossoming altar of Fedhas.
  2918 | D:3      | Noticed Natasha
  2928 | D:3      | Killed Natasha
  3095 | D:4      | Reached skill level 7 in Maces & Flails
  3328 | D:4      | Reached XP level 7. HP: 41/41 MP: 7/7
  3391 | D:4      | Noticed Dowan
  3392 | D:4      | Noticed Duvessa
  3399 | D:4      | Killed Duvessa
  3410 | D:4      | Killed Dowan
  3410 | D:4      | Reached skill level 8 in Maces & Flails
  3634 | D:4      | Reached * piety under Qazlal
  3891 | D:4      | Found Gopyuwasche's Food Emporium.
  4114 | D:5      | Entered Level 5 of the Dungeon
  4114 | D:5      | Found a white marble altar of Elyvilon.
  4357 | D:5      | Noticed Mysteryquy's ghost (novice SpEn)
  4358 | D:5      | Noticed Edmund
  4596 | D:5      | HP: 2/61 [Edmund/dire flail (4)]
  4622 | D:5      | HP: 1/41 [Edmund/dire flail (2)]
  4626 | D:5      | Killed Edmund
  4626 | D:5      | Reached skill level 9 in Maces & Flails
  4626 | D:5      | Reached XP level 8. HP: 2/46 MP: 8/8
  5608 | D:6      | Splashed by a jelly's acid

Action                   |  1- 3 |  4- 6 |  7- 9 || total
-------------------------+-------+-------+-------++-------
Melee: Flail             |    73 |   174 |       ||   247
       Morningstar       |       |    61 |    46 ||   107
       Whip              |       |       |   465 ||   465
  Use: Potion            |       |     1 |     4 ||     5
       Scroll            |       |       |     8 ||     8
  Eat: Chunk             |       |     8 |     7 ||    15
       Pizza             |       |       |     1 ||     1
